 Dungeon Crawl Stone Soup version 0.31-a0-1178-gc5c9b8f871 (webtiles) character file.

Game seed: 4847064536253526707

54 qw the Shooter (level 3, -1/23 HPs)
             Began as a Gargoyle Hunter on Dec 11, 2023.
             Slain by a kobold
             ... wielding a +0 dagger
              (2 damage)
             ... on level 2 of the Dungeon.
             The game lasted 00:00:24 (1132 turns).

qw the Shooter (Gargoyle Hunter)                    Turns: 1132, Time: 00:00:25

Health: -1/23      AC:  6    Str: 14    XL:     3   Next: 91%
Magic:  3/3        EV: 11    Int:  9    God:
Gold:   39         SH:  0    Dex: 15    Spells: 2/2 levels left

rFire   . . .        a - +0 shortbow
rCold   . . .        (shield currently unavailable)
rNeg    + . .        c - +0 leather armour
rPois   inf          (no helmet)
rElec   +            (no cloak)
rCorr   .            (no gloves)
SInv    .            (no boots)
Will    .....        (no amulet)
Stlth   ++           (no ring)
HPRegen 0.23/turn    (no ring)
MPRegen 0.08/turn

%: no passive effects
@: mighty
A: sickness immunity, AC +3, negative energy resistance 1, electricity
resistance, torment resistance 1, petrification resistance
a: no special abilities


You were on level 2 of the Dungeon.
You visited 1 branch of the dungeon, and saw 2 of its levels.

You collected 39 gold pieces.


Innate Abilities, Weirdness & Mutations

You are immune to sickness and miasma.
Your stone body is resilient. (AC +3)
You are immune to poison.
You resist negative energy. (rN+)
You are resistant to electric shocks. (rElec)
You are resistant to unholy torment.
You are immune to petrification.


   Skills:
 - Level 3.0 Fighting
 + Level 5.0 Ranged Weapons
 - Level 1.5 Dodging
 - Level 1.1 Stealth


You had 2 spell levels left.
You didn't know any spells.
Your spell library was empty.

Inventory:

Hand Weapons
 a - a +0 shortbow (weapon)
Armour
 c - a +0 leather armour (worn)
Potions
 e - a potion of curing
 f - a potion of enlightenment
 j - a potion of heal wounds {unknown}

Dungeon Overview and Level Annotations

Branches:
Dungeon (2/15)

Altars:


Message History

The endoplasm is almost dead.
You shoot an arrow.
The arrow hits the worm but does no damage.
You shoot an arrow. The arrow hits the worm.
The worm is lightly wounded.
The kobold shouts!
You shoot an arrow. The arrow barely misses the endoplasm.
The arrow closely misses the kobold.
The worm bites you. The endoplasm closely misses you.
You shoot an arrow. The arrow hits the endoplasm.
You kill the endoplasm!
A goblin comes into view. It is wielding a +0 club.
The worm barely misses you.
You shoot an arrow. The goblin shouts!
The arrow hits the worm.
The worm is lightly wounded.
You shoot an arrow. The arrow barely misses the worm.
The worm barely misses you.
You shoot an arrow.
The arrow hits the worm but does no damage.
The worm is lightly wounded.
The kobold hits you with a +0 dagger. The worm bites you.
You shoot an arrow. The arrow hits the worm!
The worm is heavily wounded.
The kobold barely misses you. The kobold hits you but does no damage.
The worm barely misses you.
You shoot an arrow. The arrow barely misses the worm.
The kobold barely misses you.
You shoot an arrow. The arrow hits the worm.
The worm is heavily wounded.
The worm bites you. The kobold hits you but does no damage.
You shoot an arrow.
The arrow hits the worm but does no damage.
The worm is heavily wounded.
The kobold barely misses you. The goblin closely misses you.
The worm bites you.
1132 ||| DRINKING murky pink potion.
It was a potion of might.
You feel very mighty all of a sudden. The goblin closely misses you.
The kobold hits you with a +0 dagger.
You die...

#..#.#. ...# #.#
##..... ...[ #.##
##.##. ....$ #[#.
#.... ..... #.. ####.
......#.. ## ......#.#
##. ......Kw###
##########.. #...g@..#
#...........
###.....###.###..#####
#..#...#..# #.##
#........####.#
#......#.......#
#..###......#### ....
#..#...#
#.#.......#..# ..
............


You could see a worm, a goblin and a kobold.

Vanquished Creatures
  An adder (D:2)
  A worm (D:2)
  5 endoplasms
  6 goblins
  4 hobgoblins
  6 jackals (D:1)
  A quokka (D:1)
  4 ball pythons (D:1)
  A frilled lizard (D:1)
  4 kobolds (D:1)
  3 rats (D:1)
36 creatures vanquished.

Notes
Turn   | Place    | Note
-------+----------+-------------------------------------------
     0 | D:1      | qw the Gargoyle Hunter began the quest for the Orb.
     0 | D:1      | Reached XP level 1. HP: 12/12 MP: 1/1
     0 | D:1      | 0 ||| qw: Version: 0.3-a-106-g2cfff9e
     0 | D:1      | 0 ||| qw: Game counter: 2034
     0 | D:1      | 0 ||| qw: Melee chars always use a shield: true
     0 | D:1      | 0 ||| qw: God list: Okawaru
     0 | D:1      | 0 ||| qw: Allow faded altars: false
     0 | D:1      | 0 ||| qw: Do Orc after clearing Dungeon:15 true
     0 | D:1      | 0 ||| qw: Do second Lair branch before Depths: true
     0 | D:1      | 0 ||| qw: Lair rune preference: random
     0 | D:1      | 0 ||| qw: Goals: Normal, Save, Zot:1-4, Win
     0 | D:1      | 0 ||| PLANNING D:1-11
    86 | D:1      | Reached XP level 2. HP: 17/17 MP: 2/2
   313 | D:1      | Reached XP level 3. HP: 21/21 MP: 3/3
   343 | D:1      | Reached skill level 5 in Ranged Weapons
   347 | D:1      | HP: 4/21 [endoplasm (2)]
   348 | D:1      | 348 ||| DRINKING fizzy grey potion.
   649 | D:1      | Found a faded altar of an unknown god.
   862 | D:1      | 862 ||| READING scroll labelled LIERECULUDESO.
   862 | D:1      | 862 ||| IDENTIFYING fizzy black potion
   863 | D:1      | 863 ||| READING scroll labelled SYIF ZOCUATHAA.
   864 | D:1      | 864 ||| READING scroll labelled ROTEMI ROWINOU.
   879 | D:1      | 879 ||| DROPPING scroll of butterflies.
  1030 | D:2      | Reached skill level 3 in Fighting
  1131 | D:2      | HP: 1/23 [worm (6)]
  1132 | D:2      | 1132 ||| DRINKING murky pink potion.
  1132 | D:2      | Slain by a kobold

Levels and vault maps discovered:
D:1:      sevenhm_arrival_forest_fort_large_2, layout_loops_ring,
          hellmonk_ecumenical_altar_inner_sanctum
D:2:      layout_rooms, chequers_serial_rivers_micro_e

Skill      XL: |  1  2  3 |
---------------+----------+-----
Ranged Weapons | 5 |  5.0
Fighting       | 3 |  3.0
Dodging        | |  1.5
Stealth        | |  1.1

Action                     || total
---------------------------++-------
   Fire: Shortbow          ||   107
    Use: Scroll            ||     3
         Potion            ||     2
 Armour: Leather armour    ||    56
  Dodge: Dodged            ||    73

Table legend:
 A = Non-vault XP
 B = Vault XP
 C = Vault XP percentage of total XP
 D = Non-vault monster count
 E = Vault monster count
 F = Vault count percentage of total count
                 A         B        C        D         E       F
            +---------+---------+-------+---------+---------+-------
      Total |      78 |       0 |   0.0 |      36 |       0 |   0.0
            +---------+---------+-------+---------+---------+-------
        D:1 |      50 |       0 |   0.0 |      29 |       0 |   0.0
        D:2 |      28 |       0 |   0.0 |       7 |       0 |   0.0
            +---------+---------+-------+---------+---------+-------
